Map: [ESL] Altitude

Players

NightMare

  • Race: Protoss Protoss
  • Spawn Location: 1:00

herO - Winner!

  • Race: Protoss Protoss
  • Spawn Location: 7:00

VOD

https://youtu.be/E70q_tp0z20

Description

Time

  • Played on: July 6, 2023, 8:13 a.m.
  • Length: 22:21
Show
View Real Time Build Order
Export as new Build Order

NightMare Protoss 

Build Orders:  

Get SALT Encoding   

  12  0:00  Probe  
  13  0:12  Probe  
  14  0:19  Pylon  
  14  0:25  Probe  
  15  0:38  Probe (Chrono Boost), Gateway  
  16  0:46  Probe (Chrono Boost)  
  16  0:47  Assimilator  
  17  0:52  Probe  
  19  1:04  Probe  
  19  1:16  Probe  
  20  1:26  Cybernetics Core  
  20  1:27  Pylon  
  20  1:28  Probe, Zealot  
  20  1:32  Pylon  
  23  1:45  Probe  
  24  1:52  Assimilator  
  24  1:57  Probe, Pylon  
  24  1:59  Stalker (Chrono Boost)  
  27  2:10  Probe, Pylon  
  27  2:13  Warp Gate  
  28  2:22  Probe  
  29  2:23  Stalker (Chrono Boost)  
  31  2:40  Nexus  
  30  2:48  Stalker  
  32  2:57  Shield Battery  
  32  3:10  Gateway  
  29  3:20  Stalker  
  32  3:21  Probe  
  35  3:28  Twilight Council  
  35  3:35  Probe  
  35  3:41  Gateway  
  36  3:47  Probe  
  37  4:00  Probe  
  37  4:01  Probe  
  39  4:09  Stalker  
  41  4:10  Stalker  
  41  4:12  Probe  
  41  4:16  Probe  
  45  4:17  Blink (Chrono Boost)  
  44  4:27  Probe  
  44  4:28  Probe  
  44  4:39  Probe (Chrono Boost)  
  44  4:40  Probe (Chrono Boost)  
  46  4:46  Stalker x2  
  46  4:51  Probe (Chrono Boost)  
  46  4:52  Probe (Chrono Boost)  
  52  4:54  Pylon  
  52  4:59  Probe x2 (Chrono Boost)  
  54  5:03  Robotics Facility  
  54  5:12  Probe x2  
  54  5:13  Assimilator  
  56  5:17  Stalker  
  56  5:18  Stalker  
  60  5:23  Pylon  
  60  5:24  Probe x2  
  62  5:36  Pylon  
  62  5:45  Nexus  
  62  5:50  Stalker x2  
  62  5:51  Observer  
  62  5:54  Stalker  
  62  5:57  Probe  
  70  5:58  Probe  
  71  6:08  Shield Battery  
  71  6:10  Pylon  
  71  6:11  Probe x2  
  73  6:17  Stalker x2  
  77  6:23  Probe  
  77  6:24  Shield Battery  
  78  6:28  Stalker  
  78  6:29  Probe  
  81  6:34  Pylon  
  81  6:35  Probe  
  82  6:47  Stalker  
  82  6:48  Stalker  
  82  6:52  Probe x2, Warp Prism (Chrono Boost)  
  88  6:54  Pylon  
  89  7:01  Stalker  
  89  7:07  Probe x2  
  89  7:08  Probe  
  94  7:11  Gateway  
  94  7:18  Stalker x2  
  94  7:21  Probe x3  
  101  7:28  Pylon  
  101  7:34  Probe x3  
  101  7:36  Gateway  
  104  7:38  Gateway  
  104  7:41  Immortal (Chrono Boost)  
  108  7:45  Templar Archives  
  108  7:50  Pylon  
  108  7:51  Assimilator  
  108  7:54  Probe x3  
  111  7:58  Assimilator  
  111  8:06  Pylon  
  111  8:11  Forge  
  111  8:13  Observer, Stalker x4  
  120  8:28  Nexus, Assimilator  
  120  8:30  Pylon x2  
  120  8:33  Probe x3  
  123  8:38  High Templar x3, Protoss Ground Weapons Level 1 (Chrono Boost)  
  123  8:39  High Templar, Zealot  
  123  8:40  Shield Battery  
  133  8:45  Pylon, Zealot, Archon x2  
  133  8:46  Charge (Chrono Boost)  
  135  9:03  Photon Cannon  
  135  9:07  Nexus  
  135  9:09  Zealot x2, Shield Battery  
  139  9:11  Zealot x2  
  139  9:17  High Templar x2  
  145  9:20  Gateway x2  
  145  9:21  Archon  
  147  9:25  Pylon  
  147  9:30  Shield Battery  
  147  9:34  Probe x3  
  147  9:36  Pylon  
  150  9:40  High Templar x2  
  150  9:44  Robotics Bay  
  154  9:46  Zealot x2  
  154  9:47  Archon  
  154  9:49  Observer  
  154  9:51  Probe x3 (Chrono Boost)  
  161  9:58  Robotics Facility  
  161  10:01  Shield Battery  
  161  10:03  Photon Cannon  
  161  10:04  Probe x2 (Chrono Boost)  
  161  10:05  Probe (Chrono Boost)  
  164  10:08  Zealot x3  
  164  10:13  Zealot x2  
  174  10:18  High Templar x2  
  174  10:19  Zealot  
  178  10:24  Probe x4  
  178  10:26  Photon Cannon  
  182  10:29  Observer  
  182  10:34  Protoss Ground Weapons Level 2 (Chrono Boost)  
  182  10:36  Archon  
  182  10:40  Disruptor (Chrono Boost)  
  183  10:44  Photon Cannon, Assimilator  
  183  10:45  Assimilator  
  183  10:47  Disruptor (Chrono Boost), Photon Cannon  
  183  10:48  Photon Cannon  
  178  10:58  High Templar x2  
  182  11:04  Archon  
  182  11:06  Zealot x6  
  182  11:07  Observer  
  182  11:10  Disruptor (Chrono Boost)  
  181  11:20  Disruptor (Chrono Boost)  
  157  11:30  Stalker x4  
  157  11:31  Stalker x4  
  111  11:55  Stalker x8  
  108  12:02  Observer  
  108  12:06  Disruptor x2 (Chrono Boost)  
  102  12:27  Stalker x4  
  110  12:35  Probe  
  110  12:36  Probe x2  
  113  12:42  Nexus  
  113  12:47  Disruptor x2 (Chrono Boost)  
  113  12:48  Probe x3  
  122  12:54  High Templar x2  
  122  12:55  Zealot x4  
  133  12:58  Archon  
  133  13:05  Nexus  
  133  13:12  Probe  
  133  13:13  Probe x2  
  135  13:24  Stalker x6  
  144  13:33  Stalker x2  
  146  13:48  Stalker x4  
  151  14:02  Stalker x4  
  155  14:03  Disruptor (Chrono Boost)  
  155  14:06  Disruptor (Chrono Boost)  
  155  14:23  Stalker x4  
  163  14:36  Observer  
  139  14:38  Stalker x3  
  139  14:39  Stalker  
  139  14:45  Probe x2  
  141  14:55  Stalker x4  
  149  15:03  Stalker x4  
  157  15:18  Stalker x4  
  151  15:34  Stalker x4  
  141  15:42  Stalker x4  
  130  15:51  Observer  
  128  16:05  Stalker x6  
  128  16:06  Stalker  
  128  16:09  Stalker  
  144  16:31  Stalker x3  
  144  16:32  Stalker x3  
  154  16:34  Stalker  
  156  16:46  Stalker  
  151  16:57  Stalker x7  
  160  17:04  Stalker  
  160  17:07  Observer  
  135  17:21  Stalker x6  
  147  17:26  Stalker  
  147  17:27  Observer (Chrono Boost)  
  148  17:31  Stalker  
  150  17:44  Stalker x4  
  138  17:53  Stalker x3  
  138  17:57  Stalker  
  146  18:11  Stalker x4  
  152  18:18  Observer  
  126  18:34  Zealot  
  126  18:35  Zealot x7  
  126  18:37  Disruptor (Chrono Boost)  
  126  18:39  Disruptor (Chrono Boost)  
  148  18:58  High Templar x2  
  148  18:59  High Templar x4  
  160  19:03  Archon  
  160  19:04  Archon  
  160  19:08  Archon  
  160  19:16  Stalker x2  
  163  19:35  Stalker x6  
  172  19:42  Stalker x2  
  132  20:00  Stalker  
  132  20:01  Stalker x4  
  136  20:18  Nexus  
  134  20:23  Disruptor x2 (Chrono Boost)  
  140  20:29  Observer  
  139  20:55  Disruptor x2 (Chrono Boost)  
  142  21:04  High Templar x2  
  142  21:05  Zealot x6  
  142  21:06  Pylon  
  158  21:14  Archon  
  158  21:20  Disruptor x2 (Chrono Boost)  
  162  21:32  Zealot x2  
  165  21:36  High Templar x2  
  169  21:46  Stalker x2  
  150  21:50  Archon  
  121  21:56  Zealot x2  
  121  21:57  Zealot  
  92  22:05  Stalker x2  
Show
View Real Time Build Order
Export as new Build Order

herO Protoss - Winner!

Build Orders: Oracle Opening, Zealot Archon 

Get SALT Encoding   

  12  0:00  Probe  
  13  0:12  Probe  
  14  0:17  Pylon  
  14  0:24  Probe (Chrono Boost)  
  15  0:36  Probe (Chrono Boost)  
  15  0:38  Gateway  
  16  0:44  Probe (Chrono Boost)  
  16  0:47  Assimilator  
  17  0:50  Probe  
  18  1:03  Probe (Chrono Boost)  
  19  1:15  Probe (Chrono Boost)  
  19  1:16  Pylon  
  20  1:18  Assimilator  
  20  1:23  Probe (Chrono Boost)  
  21  1:26  Cybernetics Core  
  21  1:29  Probe  
  22  1:34  Zealot  
  24  1:41  Probe  
  24  1:45  Pylon  
  25  1:53  Probe  
  26  2:01  Pylon  
  26  2:06  Stargate  
  26  2:25  Nexus  
  26  2:33  Stalker  
  28  2:40  Shield Battery  
  27  2:47  Oracle (Chrono Boost)  
  30  2:51  Shield Battery  
  30  2:58  Pylon  
  30  3:01  Probe  
  31  3:16  Probe, Stalker  
  34  3:22  Oracle (Chrono Boost)  
  37  3:32  Gateway  
  37  3:35  Probe  
  37  3:39  Probe  
  39  3:49  Twilight Council  
  39  3:52  Probe (Chrono Boost)  
  39  3:55  Probe (Chrono Boost)  
  41  4:02  Probe (Chrono Boost)  
  43  4:05  Probe (Chrono Boost)  
  43  4:06  Probe (Chrono Boost)  
  44  4:10  Gateway, Warp Gate  
  44  4:11  Sentry  
  44  4:16  Probe  
  47  4:18  Probe  
  48  4:28  Probe  
  48  4:30  Probe, Blink (Chrono Boost)  
  50  4:38  Assimilator  
  50  4:40  Probe  
  50  4:42  Probe  
  50  4:43  Pylon  
  50  4:44  Stalker  
  54  4:52  Pylon  
  54  5:00  Stalker  
  54  5:01  Probe x2, Stalker  
  54  5:07  Pylon  
  60  5:13  Probe x2  
  62  5:16  Phoenix  
  62  5:24  Nexus  
  62  5:26  Shield Battery  
  62  5:27  Probe  
  63  5:29  Probe  
  64  5:36  Robotics Facility  
  64  5:43  Probe x2  
  66  5:55  Probe x2  
  66  5:56  Forge  
  68  5:59  Stalker x3  
  74  6:06  Pylon  
  74  6:08  Probe (Chrono Boost)  
  76  6:13  Probe (Chrono Boost)  
  76  6:15  Assimilator  
  76  6:16  Pylon, Charge  
  77  6:19  Probe (Chrono Boost)  
  77  6:22  Probe (Chrono Boost)  
  77  6:23  Probe (Chrono Boost)  
  77  6:25  Observer, Protoss Ground Weapons Level 1 (Chrono Boost)  
  80  6:31  Gateway  
  80  6:32  Gateway  
  80  6:34  Probe (Chrono Boost)  
  80  6:37  Probe (Chrono Boost)  
  80  6:38  Sentry  
  80  6:39  Probe (Chrono Boost)  
  85  6:44  Probe (Chrono Boost)  
  85  6:45  Probe (Chrono Boost), Stalker  
  90  6:48  Probe (Chrono Boost)  
  90  6:49  Observer  
  90  6:50  Probe x2 (Chrono Boost), Stalker  
  95  6:57  Assimilator  
  95  7:00  Assimilator  
  95  7:03  Probe x2  
  95  7:04  Probe  
  98  7:09  Gateway x2  
  98  7:12  Templar Archives  
  98  7:15  Pylon  
  98  7:19  Probe x2  
  100  7:25  Stalker x3  
  100  7:28  Probe  
  100  7:29  Warp Prism (Chrono Boost)  
  107  7:33  Pylon  
  109  7:39  Photon Cannon  
  109  7:40  Probe  
  110  7:47  Gateway  
  110  7:49  High Templar x2  
  114  7:51  Photon Cannon  
  114  7:52  Photon Cannon  
  114  7:53  Archon  
  114  7:55  High Templar x2  
  118  7:59  Archon  
  118  8:03  Nexus  
  118  8:07  Protoss Ground Weapons Level 2 (Chrono Boost)  
  118  8:10  Shield Battery  
  118  8:15  High Templar x2, Zealot  
  118  8:17  Probe  
  125  8:25  Gateway  
  125  8:26  Gateway  
  125  8:27  Archon  
  125  8:33  Pylon, Shield Battery  
  125  8:41  Photon Cannon  
  125  8:42  Pylon  
  125  8:43  Pylon  
  125  8:47  Shield Battery  
  125  8:51  Probe x3  
  128  8:56  High Templar x2  
  128  8:59  Observer  
  128  9:00  Zealot, Archon  
  128  9:01  Zealot x3  
  141  9:03  Probe x3  
  141  9:06  Zealot  
  146  9:12  Robotics Bay  
  146  9:14  Pylon  
  146  9:17  Robotics Facility  
  146  9:25  Zealot x6  
  146  9:26  Zealot x2  
  146  9:30  Immortal (Chrono Boost)  
  162  9:36  Pylon  
  166  9:44  High Templar x2  
  170  9:47  High Templar  
  170  9:51  Nexus  
  172  9:53  Pylon  
  172  9:55  Pylon x2  
  172  9:57  High Templar, Zealot x2  
  172  9:58  Archon  
  178  10:02  Archon  
  178  10:09  Disruptor x2 (Chrono Boost)  
  184  10:19  Zealot x8  
  200  10:24  Photon Cannon  
  200  10:26  Shield Battery  
  200  10:35  Photon Cannon  
  197  10:42  Warp Prism (Chrono Boost)  
  197  10:44  Disruptor (Chrono Boost)  
  197  10:49  Protoss Ground Weapons Level 3  
  193  11:03  Stalker x4  
  199  11:08  Disruptor (Chrono Boost)  
  199  11:09  Disruptor (Chrono Boost)  
  195  11:23  Zealot x6  
  179  11:30  Zealot x3  
  179  11:31  Zealot  
  181  11:37  Disruptor  
  181  11:38  Disruptor  
  185  11:46  Zealot x6  
  137  12:05  Stalker x4  
  137  12:07  Stalker x3  
  136  12:08  Zealot  
  136  12:09  Zealot x2  
  136  12:12  Disruptor (Chrono Boost)  
  136  12:13  Disruptor (Chrono Boost)  
  136  12:14  Probe x4  
  136  12:15  Probe  
  151  12:21  Photon Cannon  
  151  12:28  Probe x2  
  151  12:29  Probe x2  
  155  12:35  High Templar x2, Zealot x8  
  175  12:39  Disruptor (Chrono Boost), Archon  
  175  12:40  Disruptor (Chrono Boost)  
  181  12:45  Probe, Photon Cannon  
  181  12:46  Probe x3  
  177  12:59  Stalker x3  
  179  13:07  Zealot x5  
  179  13:08  Zealot  
  187  13:13  Disruptor (Chrono Boost)  
  187  13:14  Disruptor (Chrono Boost)  
  188  13:24  Zealot x4  
  194  13:30  Pylon  
  194  13:34  Stalker x5  
  180  13:40  Disruptor (Chrono Boost)  
  180  13:41  Disruptor  
  180  13:43  Zealot  
  180  13:46  Zealot x2  
  180  13:47  Zealot x2  
  176  14:04  Zealot x6  
  176  14:08  Stalker x7  
  190  14:14  Zealot x3  
  190  14:16  Disruptor, Observer  
  182  14:36  Disruptor  
  170  14:41  Zealot x2, Observer  
  170  14:42  Zealot x8  
  180  14:52  Disruptor  
  165  14:59  Nexus  
  164  15:02  Pylon  
  164  15:06  Zealot x10  
  184  15:12  Disruptor  
  181  15:27  Zealot  
  181  15:28  Disruptor (Chrono Boost), Zealot x9  
  136  15:45  Disruptor (Chrono Boost)  
  136  15:48  Stalker x3  
  136  15:49  Zealot x5  
  143  15:51  Stalker x2  
  140  16:11  Zealot x4, Stalker x3  
  141  16:13  Disruptor (Chrono Boost), Zealot  
  148  16:29  Zealot x2  
  138  16:33  Stalker x5  
  148  16:41  Stalker x3  
  150  16:58  Stalker x2  
  150  16:59  Zealot x2, Stalker x2  
  128  17:06  Stalker x2  
  116  17:09  Probe  
  116  17:10  Probe x4  
  106  17:15  Warp Prism (Chrono Boost)  
  106  17:21  Probe  
  106  17:22  Probe x4  
  113  17:26  Zealot x6  
  113  17:29  Pylon  
  125  17:30  Zealot x2  
  127  17:42  Immortal (Chrono Boost)  
  120  17:46  Stalker x4  
  120  17:47  Stalker x2  
  124  17:54  Stalker x2  
  124  17:55  Probe  
  124  17:56  Probe x3  
  132  18:03  Observer  
  130  18:11  Zealot x8  
  143  18:14  Immortal (Chrono Boost)  
  130  18:38  Zealot x4, Stalker x5  
  148  18:43  Stalker  
  149  19:02  Zealot x8  
  161  19:11  Zealot x2  
  160  19:27  Stalker  
  162  19:32  Probe x3  
  162  19:38  Zealot x9  
  109  20:00  Zealot x2, Stalker x6  
  109  20:01  Zealot x2  
  117  20:10  Observer (Chrono Boost)  
  118  20:15  Assimilator  
  118  20:16  Probe x5, Photon Cannon  
  123  20:23  Zealot x5  
  123  20:25  Zealot x2  
  137  20:33  Zealot  
  140  20:35  Observer  
  140  20:40  Zealot  
  142  20:49  Zealot x8  
  158  20:55  Assimilator  
  156  21:02  Stalker  
  158  21:08  Nexus  
  158  21:10  Pylon  
  158  21:16  Zealot, Stalker  
  158  21:17  Zealot x6  
  174  21:26  Pylon  
  174  21:29  Stalker  
  174  21:31  Photon Cannon  
  174  21:32  Shield Battery  
  172  21:44  Zealot x9  
  156  22:01  Stalker  
  146  22:06  Stalker x2  
  146  22:07  Zealot x5  
Tags
 
Add a new tag
Caveats
  • Supply blocks, unpowered buildings, or Contaminate may cause inaccurate times.
  • Supply counts are checked every 10 seconds.